 Dungeon Crawl Stone Soup version 0.24.0-13-gcf9b319 (webtiles) character file.

Game seed: 2293796654388012116, levelgen mode: deterministic

168 southernslant the Grave Robber (level 5, -4/37 HPs)
             Began as a Demonspawn Necromancer on Jan 9, 2020.
             Engulfed by a steam dragon's steam (11 damage)
             ... on level 4 of the Dungeon.
             The game lasted 00:28:36 (3658 turns).

southernslant the Grave Robber (DsNe)               Turns: 3658, Time: 00:28:37

Health: -4/37      AC:  6    Str:  9    XL:     5   Next: 23%
Magic:  0/9        EV: 13    Int: 16    God:
Gold:   141        SH:  4    Dex: 14    Spells: 5/10 levels left

rFire    . . .     SeeInvis .   g - +0 short sword
rCold    . . .     Gourm    .   (no shield)
rNeg     . . .     Faith    .   y - +0 robe
rPois    .         Spirit   .   u - +2 hat
rElec    .         Reflect  .   A - +0 cloak
rCorr    +         Harm     .   x - +0 pair of gloves
MR       .....                  (no boots)
Stlth    ++........             (no amulet)
HPRegen  0.12/turn              w - ring of resist corrosion
MPRegen  0.11/turn              (no ring)

@: no status effects
A: horns 1, large bone plates 1
a: no special abilities


You were on level 4 of the Dungeon.
You were not hungry.

You visited 1 branch of the dungeon, and saw 4 of its levels.

You collected 141 gold pieces.

Inventory:

Hand Weapons
 g - a +0 short sword (weapon)
 s - a cursed -2 hunting sling
Missiles
 e - 109 stones
 n - 28 poisoned darts (quivered)
Armour
 b - a +0 shield
 k - a +1 ring mail of poison resistance
 u - a +2 hat (worn)
 x - a +0 pair of gloves (worn)
 y - a +0 robe (worn)
 A - a +0 cloak (worn)
Jewellery
 a - a cursed -2 ring of slaying {unknown}
 w - a ring of resist corrosion (left hand)
Wands
 q - a wand of flame (26)
 t - a wand of random effects (9)
Scrolls
 d - 2 scrolls of amnesia {unknown}
 f - 2 scrolls of random uselessness {unknown}
 h - a scroll of enchant weapon {unknown}
 j - 3 scrolls of remove curse
 m - 2 scrolls of identify {unknown}
Potions
 i - a potion of mutation {unknown}
 l - a potion of lignification {unknown}
 o - 2 potions of flight {unknown}
 r - 2 potions of curing {unknown}
 v - a potion of degeneration {unknown}
 z - a potion of invisibility {unknown}
 B - a potion of agility {unknown}
Comestibles
 c - 9 rations
 p - 4 chunks of flesh


   Skills:
 - Level 1.1 Fighting
 - Level 0.7 Short Blades
 * Level 1.5 Armour
 * Level 2.9 Dodging
 - Level 1.7 Stealth
 * Level 3.0 Spellcasting
 * Level 4.9 Necromancy


You had 5 spell levels left.
You knew the following spells:

 Your Spells              Type           Power        Failure   Level  Hunger
a - Pain                  Necr           ###.         2%          1    #......
b - Animate Skeleton      Necr           N/A          2%          1    #......
c - Vampiric Draining     Necr           ###.......   8%          3    ###....

Your spell library contained the following spells:

 Spells                   Type           Power        Failure   Level  Hunger
 Corona                   Hex            #......      19%         1    #......
 Regeneration             Chrm/Necr      ##........   21%         3    ###....
 Animate Dead             Necr           N/A          24%         4    #####..
 Ensorcelled Hibernation  Hex/Ice        #.....       28%         2    ##.....
 Confuse                  Hex            #.......     50%         3    ###....
 Dazzling Spray           Conj/Hex       #.....       50%         3    ###....
 Tukima's Dance           Hex            #.......     50%         3    ###....


Dungeon Overview and Level Annotations

Branches:
Dungeon (4/15)
 Temple: D:4-7

Altars:
Cheibriados
Dithmenos
Makhleb
Qazlal
Sif Muna
Trog
Uskayaw
Xom
Yredelemnul
The Shining One


Innate Abilities, Weirdness & Mutations

You have a pair of small horns on your head.
You are partially covered in large bone plates. (SH +4)


Message History

Okay, then.
Casting: Pain (safe; 2% risk of failure)
Confirm with . or Enter, or press ? or * to list all spells.
Aiming: Vampiric Draining (safe; 8% risk of failure)
Press: ? - help, Shift-Dir - straight line, f/p - steam dragon
Aim: a steam dragon (lightly wounded)
The steam dragon is heavily wounded.
You feel life coursing into your body. The steam dragon breathes steam at you.
The ball of steam hits you!
* * * LOW HITPOINT WARNING * * *
Casting: Vampiric Draining (safe; 8% risk of failure)
Confirm with . or Enter, or press ? or * to list all spells.
Aiming: Vampiric Draining (safe; 8% risk of failure)
Press: ? - help, Shift-Dir - straight line, f/p - steam dragon
Aim: a steam dragon (heavily wounded, catching its breath)
The steam dragon is severely wounded.
You feel life coursing into your body.
You are engulfed in a cloud of scalding steam.
You die...

...# ...# ####
###############
##..........§.###
#...#######.)...#
.....# ###.#.#.##
.....# #.......Z#
.....# #§#.#.#D@#
#...## #.#......#
##### # ###.##.#
#.##.# ..##.# #.
#.# # #.# #.#


You could see a steam dragon and a friendly gnoll skeleton.

Vanquished Creatures
  5 adders
  3 gnolls (D:4)
  An ooze (D:3)
  4 worms
  3 dart slugs
  2 leopard geckos
  3 orcs (D:3)
  A ball python (D:1)
  8 bats
  5 giant cockroaches
  3 goblins
  5 hobgoblins
  2 jackals (D:3)
  2 quokkas
  2 frilled lizards
  9 kobolds
  4 rats
62 creatures vanquished.

Vanquished Creatures (collateral kills)
  2 goblins (D:1)
  A hobgoblin (D:1)
  2 frilled lizards (D:1)
  2 kobolds (D:1)
  2 rats (D:1)
9 creatures vanquished.

Grand Total: 71 creatures vanquished

Notes
Turn   | Place    | Note
-------+----------+-------------------------------------------
     0 | D:1      | southernslant the Demonspawn Necromancer began the quest
                  | for the Orb.
     0 | D:1      | Reached XP level 1. HP: 13/13 MP: 3/3
    89 | D:1      | Learned a level 1 spell: Animate Skeleton
   173 | D:1      | Gained mutation: You are partially covered in large bone
                  | plates. (SH +4) [demonic ancestry]
   173 | D:1      | Reached XP level 2. HP: 4/20 MP: 1/5
   675 | D:1      | Reached skill level 1 in Fighting
   858 | D:1      | Reached XP level 3. HP: 16/26 MP: 6/6
  1415 | D:2      | Found a snail-covered altar of Cheibriados.
  1991 | D:2      | Found a shimmering altar of Xom.
  2316 | D:3      | Reached XP level 4. HP: 12/32 MP: 2/7
  2686 | D:3      | Reached skill level 1 in Armour
  2871 | D:3      | Found a glowing golden altar of the Shining One.
  2880 | D:3      | Found a bloodstained altar of Trog.
  2884 | D:3      | Found a shadowy altar of Dithmenos.
  2891 | D:3      | Found a burning altar of Makhleb.
  2891 | D:3      | Found a hide-covered altar of Uskayaw.
  2891 | D:3      | Found a basalt altar of Yredelemnul.
  2896 | D:3      | Found a shimmering blue altar of Sif Muna.
  2898 | D:3      | Found a stormy altar of Qazlal.
  3397 | D:3      | Gained mutation: You have a pair of small horns on your
                  | head. [demonic ancestry]
  3397 | D:3      | Reached XP level 5. HP: 33/37 MP: 4/9
  3403 | D:3      | Learned a level 3 spell: Vampiric Draining
  3652 | D:4      | Noticed a steam dragon
  3658 | D:4      | Engulfed by a steam dragon's steam

Levels and vault maps discovered:
D:1:      dpeg_arrival_simpleton_c, layout_loops_ring, minmay_tetromino_s4
D:2:      layout_loops_ring, old_standard_altar, lemuel_round_altar,
          first_ration, serial_glass, glass_columns_c, glass_columns_a,
          minmay_misc_feat_chi
D:3:      layout_basic, minitemple
D:4:      layout_loops_ring, minmay_cut_off

Skill      XL: |  1  2  3  4  5 |
---------------+----------------+-----
Dodging        | 2 |  2.9
Fighting       | 1 |  1.1
Armour         | 1 |  1.5
Spellcasting   | 3 |  3.0
Short Blades   | |  0.7
Stealth        | |  1.7
Necromancy     | |  4.9

Action                   |  1- 3 |  4- 6 || total
-------------------------+-------+-------++-------
Melee: Club              |    14 |       ||    14
       Short sword       |   137 |    60 ||   197
       Headbutt          |       |     1 ||     1
Throw: Dart              |    29 |    32 ||    61
 Cast: Pain              |    24 |    29 ||    53
       Animate Skeleton  |    14 |    12 ||    26
       Vampiric Draining |       |     3 ||     3
Evoke: Wand              |     2 |       ||     2
  Use: Scroll            |       |     1 ||     1
 Stab: Sleeping          |     3 |     1 ||     4
  Eat: Chunk             |     4 |     6 ||    10
Armor: Robe              |    26 |     9 ||    35
       Ring mail         |       |    13 ||    13
Dodge: Dodged            |    59 |    37 ||    96
Block: Shield            |    66 |    20 ||    86
       Other             |    10 |     3 ||    13
